 Dungeon Crawl Stone Soup version 0.24-a0-251-g44e327ef01 (webtiles) character file.

Game seed: 17671659924187923914

80 Redear the Ducker (level 4, -3/22 HPs)
             Began as a Felid Fighter on Apr 16, 2019.
             Killed by nerve-wracking pain
             ... invoked by an orc priest
              (13 damage)
             ... on level 3 of the Dungeon.
             The game lasted 00:03:59 (2402 turns).

Redear the Ducker (Felid Fighter)                   Turns: 2402, Time: 00:03:59

Health: -3/22      AC:  1    Str: 12    XL:     4   Next: 18%
Magic:  5/5        EV: 20    Int: 10    God:
Gold:   120        SH:  0    Dex: 15    Spells: 3/3 levels left
                                        Lives:  0   Deaths: 1

rFire    . . .     SeeInvis +     - Unarmed
rCold    . . .     Gourm    .   (shield unavailable)
rNeg     . . .     Faith    .   (armour unavailable)
rPois    .         Spirit   .   (helmet unavailable)
rElec    .         Reflect  .   (cloak unavailable)
rCorr    .         Harm     .   (gloves unavailable)
MR       .....                  (boots unavailable)
Stlth    +++.......             (no amulet)
HPRegen  0.07/turn              (no ring)
MPRegen  0.09/turn              (no ring)

@: quick
A: very small, no armour, no weapons or thrown items, stealth, claws 1, fangs 3,
see invisible, carnivore, speed 1, shaggy fur 1, slow metabolism 1, sharp paws
a: no special abilities


You were on level 3 of the Dungeon.
You were not hungry.

You visited 1 branch of the dungeon, and saw 3 of its levels.

You collected 120 gold pieces.

Inventory:

Wands
 I - a wand of iceblast (6)
Scrolls
 b - 2 scrolls of enchant armour {unknown}
 d - 2 scrolls of identify {unknown}
 g - a scroll of enchant weapon {unknown}
 h - 2 scrolls of teleportation {unknown}
 i - 2 scrolls of amnesia {unknown}
 l - a scroll of immolation {unknown}
 m - a scroll of magic mapping {unknown}
Potions
 a - 2 potions of might {Str+5 DMG+1d10 | @q3}
 c - a potion of magic
 e - 2 potions of degeneration {unknown}
 j - a potion of haste {unknown}
 k - a potion of berserk rage {unknown}
 n - a potion of flight {unknown}
 Q - a potion of curing {@q2}
Comestibles
 z - 4 rations


   Skills:
 + Level 3.8 Fighting
 + Level 5.1 Dodging
 + Level 3.2 Stealth
 + Level 4.6 Unarmed Combat


You had 3 spell levels left.
You didn't know any spells.
Your spell library was empty.

Dungeon Overview and Level Annotations

Branches:
Dungeon (3/15)

Altars:


Innate Abilities, Weirdness & Mutations

You cannot wear armour.
You are incapable of wielding weapons or throwing items.
Your paws allow you to move quietly. (Stealth)
You have sharp claws.
You have razor-sharp teeth.
You have supernaturally acute eyesight. (SInv)
You are carnivorous and can eat meat at any time.
You cover ground quickly.
You are covered in fur. (AC +1)
You have a slow metabolism.
Your sharp claws are effective at attacking unaware monsters.


Message History

You are too injured to fight recklessly!
You are too injured to fight recklessly!
You are too injured to fight recklessly!
Unknown command.
It was a potion of curing.
You feel better.
Q - a potion of curing You regained 6 hp, and now have 12/22 hp.
Unknown command.
You are too injured to fight recklessly!
Unknown command.
You barely miss the orc priest. The orc priest misses you.
You closely miss the orc priest. The orc priest hits you.
You take 3 damage, and have 9/22 hp.
You barely miss the orc priest. The orc priest completely misses you.
Unknown command.
You scratch the orc priest but do no damage.
The orc priest invokes the aid of Beogh against you.
Pain shoots through your body!
Ouch! That really hurt!
You die...

#.# #.#
#.# #.#
#.# #.#
... #.#
.....
#.#
##...##
#$#
##.##
#o# ###
#o# #@#
#.# #.#
#.# #.#
#.# #.#
#.# #.#


You could see an orc priest and an orc.

Vanquished Creatures
  An orc priest (D:3)
  4 adders
  5 dart slugs
  4 giant cockroaches (D:2)
  5 goblins
  5 hobgoblins
  9 jackals
  8 kobolds
  2 quokkas (D:2)
  A ball python (D:3)
  8 bats
  3 frilled lizards
  9 rats
64 creatures vanquished.

Notes
Turn   | Place    | Note
-------+----------+-------------------------------------------
     0 | D:1      | Redear the Felid Fighter began the quest for the Orb.
     0 | D:1      | Reached XP level 1. HP: 10/10 MP: 2/2
   110 | D:1      | Reached skill level 1 in Stealth
   110 | D:1      | Reached XP level 2. HP: 14/14 MP: 3/3
   599 | D:1      | Reached XP level 3. HP: 6/17 MP: 4/4
   882 | D:2      | Reached skill level 2 in Stealth
  1326 | D:2      | Reached XP level 4. HP: 21/21 MP: 5/5
  2311 | D:3      | Reached skill level 5 in Dodging
  2331 | D:3      | Reached skill level 3 in Stealth
  2355 | D:3      | HP: 2/22 [orc wizard/magic dart (5)]
  2356 | D:3      | Killed from afar by an orc priest
  2357 | D:3      | Reached XP level 3. HP: -8/18 MP: 4/4
  2397 | D:3      | Reached XP level 4. HP: 22/22 MP: 5/5
  2402 | D:3      | Killed from afar by an orc priest

Levels and vault maps discovered:
D:1:      erik_arrival_cave_to_civilisation [erik_arrival_cave_to_hall],
          layout_basic
D:2:      layout_loops_corners, first_ration
D:3:      layout_loops_ring, fedhas_altar_2, lemuel_zombie_altar_yredelemnul,
          serial_rivers, chequers_serial_rivers_marsh,
          chequers_serial_rivers_micro_e, chequers_serial_rivers_marsh,
          chequers_serial_rivers_micro_e, uniq_natasha

Skill      XL: |  1  2  3  4 |
---------------+-------------+-----
Stealth        | 1 2 3 |  3.2
Dodging        | 5 |  5.1
Fighting       | |  3.8
Unarmed Combat | |  4.6

Action                   |  1- 3 |  4- 6 || total
-------------------------+-------+-------++-------
Melee: Unarmed           |    98 |    53 ||   151
       Bite              |     8 |     3 ||    11
       Punch             |     2 |     1 ||     3
  Use: Potion            |       |     2 ||     2
 Stab: Sleeping          |     5 |     7 ||    12
       Distracted        |     1 |     1 ||     2
  Eat: Chunk             |       |     1 ||     1
Armor: Skin              |     3 |     1 ||     4
Dodge: Dodged            |    80 |    48 ||   128

Table legend:
 A = Non-vault XP
 B = Vault XP
 C = Vault XP percentage of total XP
 D = Non-vault monster count
 E = Vault monster count
 F = Vault count percentage of total count
                 A         B        C        D         E       F
            +---------+---------+-------+---------+---------+-------
      Total |     197 |       0 |   0.0 |      64 |       0 |   0.0
            +---------+---------+-------+---------+---------+-------
        D:1 |      42 |       0 |   0.0 |      23 |       0 |   0.0
        D:2 |      87 |       0 |   0.0 |      29 |       0 |   0.0
        D:3 |      68 |       0 |   0.0 |      12 |       0 |   0.0
            +---------+---------+-------+---------+---------+-------
